Map: Battle on the Boardwalk LE

Players

SamuraiFunn - Winner!

  • Race: Protoss Protoss
  • Spawn Location: 1:00

A.I. 1 (Elite)

  • Race: Zerg Zerg
  • Spawn Location: 11:00

VOD

Have the link to the VOD?

Description

Time

  • Played on: Nov. 25, 2017, 12:09 p.m.
  • Length: 13:50
Show
View Real Time Build Order
Export as new Build Order

SamuraiFunn Protoss - Winner!

Build Orders: 1 Gate Expand 

Get SALT Encoding   

  12  0:00  Probe  
  13  0:13  Probe  
  14  0:19  Pylon  
  14  0:25  Probe  
  15  0:37  Probe (Chrono Boost)  
  15  0:41  Gateway  
  16  0:49  Probe (Chrono Boost)  
  17  0:53  Probe (Chrono Boost)  
  17  0:54  Assimilator  
  18  1:03  Probe  
  19  1:15  Probe  
  20  1:28  Nexus  
  20  1:41  Probe, Cybernetics Core  
  21  1:49  Pylon  
  21  1:54  Probe  
  22  1:59  Assimilator  
  22  2:07  Zealot (Chrono Boost)  
  24  2:09  Probe  
  25  2:21  Probe  
  26  2:29  Robotics Facility  
  26  2:36  Probe  
  27  2:41  Pylon  
  27  2:43  Warp Gate (Chrono Boost)  
  27  2:48  Probe  
  27  2:51  Probe  
  29  3:00  Probe  
  29  3:03  Probe  
  31  3:13  Gateway  
  31  3:14  Probe  
  31  3:15  Gateway x2  
  32  3:25  Probe  
  33  3:33  Zealot (Chrono Boost)  
  32  3:42  Immortal (Chrono Boost)  
  34  3:59  Adept  
  34  4:04  Adept  
  34  4:18  Adept  
  36  4:26  Adept  
  38  4:31  Nexus  
  38  4:34  Pylon  
  38  4:49  Probe  
  38  4:52  Immortal (Chrono Boost)  
  43  5:01  Probe  
  44  5:13  Assimilator  
  44  5:15  Pylon  
  44  5:17  Probe  
  45  5:29  Probe  
  45  5:33  Immortal  
  50  5:39  Pylon  
  50  5:41  Zealot x2  
  54  5:51  Zealot  
  54  5:53  Probe (Chrono Boost)  
  54  5:54  Probe (Chrono Boost)  
  58  5:58  Pylon  
  60  6:05  Probe x2 (Chrono Boost)  
  60  6:12  Probe x2  
  60  6:17  Zealot x3  
  68  6:30  Immortal  
  72  6:32  Twilight Council  
  72  6:46  Forge  
  72  6:53  Robotics Facility  
  73  6:54  Probe x2  
  73  6:59  Gateway  
  74  7:02  Gateway  
  74  7:06  Probe x2  
  76  7:10  Zealot  
  78  7:19  Probe x2  
  80  7:27  Immortal  
  84  7:33  Pylon  
  84  7:46  Assimilator  
  80  7:54  Nexus  
  80  7:55  Zealot x3  
  70  8:08  Pylon  
  70  8:19  Probe x2  
  72  8:21  Protoss Ground Weapons Level 1  
  72  8:23  Pylon  
  72  8:29  Pylon  
  72  8:30  Immortal x2  
  72  8:31  Probe x2  
  82  8:43  Probe x2  
  84  8:52  Zealot x3  
  90  8:55  Charge (Chrono Boost)  
  90  9:09  Zealot  
  92  9:10  Zealot  
  92  9:12  Immortal  
  98  9:22  Forge  
  98  9:23  Immortal  
  102  9:32  Probe  
  102  9:33  Probe x2  
  105  9:45  Robotics Bay  
  105  9:48  Probe x2  
  105  9:49  Probe  
  105  9:52  Zealot x3  
  114  10:05  Protoss Ground Armor Level 1  
  114  10:11  Probe x3  
  114  10:12  Pylon  
  114  10:13  Pylon  
  117  10:15  Protoss Shields Level 1  
  117  10:33  Assimilator  
  113  10:37  Assimilator  
  113  10:42  Zealot x2  
  109  10:44  Zealot x3  
  109  10:45  Nexus  
  109  10:46  Colossus x2  
  115  11:12  Zealot x2  
  115  11:13  Robotics Facility, Zealot x3  
  115  11:15  Robotics Facility  
  115  11:17  Robotics Facility  
  119  11:39  Warp Prism  
  117  11:40  Warp Prism  
  119  11:50  Gateway  
  119  11:52  Gateway  
  115  11:54  Gateway  
  115  11:57  Zealot x2  
  115  11:58  Zealot x3  
  125  12:09  Colossus x2  
  139  12:36  Warp Prism  
  139  12:56  Zealot x2  
  139  12:57  Zealot x3  
Show
View Real Time Build Order
Export as new Build Order

A.I. 1 (Elite) Zerg 

Build Orders: Pool First, Zergling Baneling 

Get SALT Encoding   

  12  0:00  Drone  
  13  0:08  Drone  
  14  0:17  Overlord  
  14  0:35  Spawning Pool  
  13  0:36  Extractor  
  13  0:39  Drone  
  13  0:43  Drone  
  13  0:48  Drone  
  15  1:22  Zergling x6, Queen  
  20  1:46  Hatchery  
  19  1:51  Drone  
  20  1:56  Zergling x2  
  21  2:01  Zergling x2  
  22  2:11  Overlord  
  22  2:23  Baneling Nest  
  22  2:25  Drone  
  22  2:29  Zergling x2  
  23  2:34  Zergling x2  
  24  2:39  Zergling x2  
  24  2:43  Zergling x2  
  26  3:07  Baneling  
  26  3:09  Zergling x2  
  27  3:17  Overlord  
  27  3:22  Zergling x2  
  28  3:28  Zergling x2  
  28  3:32  Zergling x2  
  29  3:37  Zergling x2  
  29  3:40  Baneling x2  
  30  3:42  Zergling x2  
  30  3:45  Baneling x2  
  30  3:48  Zergling x2  
  30  3:49  Baneling x2  
  30  3:53  Zergling x2  
  30  3:55  Baneling x2  
  32  3:58  Zergling x2  
  33  4:03  Zergling x2  
  33  4:05  Zergling x2  
  35  4:11  Zergling x2  
  35  4:14  Zergling x2  
  35  4:19  Drone  
  36  4:34  Roach Warren  
  35  4:44  Drone  
  36  4:52  Overlord  
  36  4:57  Drone  
  37  5:01  Drone  
  37  5:06  Drone  
  39  5:15  Lair  
  39  5:20  Roach  
  41  5:39  Roach  
  43  5:44  Roach  
  45  5:50  Overlord  
  45  5:55  Roach  
  47  5:59  Drone  
  47  6:02  Drone  
  48  6:05  Drone  
  48  6:08  Drone  
  50  6:11  Drone  
  50  6:13  Hydralisk Den  
  50  6:15  Drone  
  51  6:18  Drone  
  51  6:24  Overlord  
  52  6:28  Drone  
  52  6:30  Drone  
  54  6:33  Drone  
  54  6:35  Drone  
  54  6:38  Drone  
  57  6:42  Drone  
  57  6:43  Hydralisk, Drone  
  61  6:47  Overlord  
  61  6:50  Hydralisk  
  63  6:55  Hydralisk  
  63  7:00  Hydralisk  
  67  7:05  Drone  
  68  7:10  Extractor, Overlord  
  68  7:11  Extractor  
  68  7:14  Drone x2  
  68  7:15  Drone  
  69  7:17  Drone  
  69  7:21  Drone  
  71  7:26  Drone  
  72  7:32  Drone  
  72  7:33  Extractor  
  72  7:36  Drone  
  73  7:43  Drone  
  74  7:46  Drone x2, Overlord  
  74  7:47  Infestation Pit  
  74  7:48  Drone  
  71  7:53  Drone  
  56  7:59  Zergling x2  
  56  8:04  Zergling x2  
  50  8:10  Roach  
  52  8:15  Roach  
  52  8:18  Zergling x4, Roach  
  58  8:21  Roach  
  58  8:25  Infestor  
  62  8:30  Overseer  
  62  8:32  Zergling x2  
  63  8:36  Roach  
  65  8:43  Roach  
  65  8:47  Roach  
  69  8:48  Hydralisk  
  69  8:49  Drone, Roach  
  69  8:50  Evolution Chamber  
  69  8:53  Hydralisk  
  75  8:58  Zergling x2  
  76  9:05  Drone  
  76  9:08  Drone  
  78  9:11  Overseer  
  78  9:15  Overlord  
  78  9:16  Metabolic Boost  
  78  9:19  Drone  
  78  9:21  Zerg Melee Weapons Level 1, Infestor, Roach  
  78  9:22  Drone  
  84  9:26  Hydralisk  
  84  9:30  Roach  
  88  9:37  Hydralisk  
  90  9:41  Zergling x2  
  91  9:46  Evolution Chamber  
  91  9:48  Overlord  
  91  9:49  Evolution Chamber  
  91  9:51  Drone  
  90  9:52  Hydralisk  
  90  9:53  Hydralisk, Drone  
  90  9:54  Hatchery  
  90  9:56  Ravager  
  95  10:00  Drone  
  95  10:02  Drone  
  97  10:11  Zerg Ground Armor Level 1, Overlord  
  97  10:13  Roach  
  99  10:15  Zerg Missile Weapons Level 1  
  99  10:21  Infestor  
  99  10:23  Spine Crawler  
  100  10:32  Infestor  
  100  10:33  Zergling x6, Ravager  
  100  10:34  Overlord  
  102  10:42  Roach  
  93  10:45  Roach  
  69  10:53  Roach  
  69  10:56  Zergling x4, Roach  
  69  10:57  Roach  
  74  11:04  Roach  
  74  11:05  Hydralisk  
  74  11:06  Roach  
  80  11:15  Hydralisk, Zergling x2, Extractor  
  80  11:16  Extractor  
  80  11:17  Drone  
  69  11:25  Zergling x2  
  69  11:26  Hydralisk  
  69  11:28  Zergling x4, Roach x2  
  65  11:37  Drone, Infestor  
  57  11:47  Hydralisk  
  57  11:48  Drone  
  57  11:51  Queen  
  45  11:58  Zergling x2  
  45  11:59  Zergling x2  
  38  12:04  Roach  
  38  12:08  Roach  
  38  12:15  Roach  
  38  12:21  Hatchery  
  6  13:24  Drone  
  6  13:25  Drone  
  6  13:26  Drone  
Tags
 
Add a new tag
Caveats
  • Supply blocks, unpowered buildings, or Contaminate may cause inaccurate times.
  • Supply counts are checked every 10 seconds.